 Dungeon Crawl Stone Soup version 0.29.1-1-gd02db6906a (webtiles) character file.

Game seed: 13604555284048837200

4 Anandil the Sneak (level 1, -1/19 HPs)
             Began as a Draconian Delver on Oct 12, 2022.
             Slain by a centaur zombie (3 damage)
             ... in an ossuary.
             The game lasted 00:01:18 (380 turns).

Anandil the Sneak (Draconian Delver)                 Turns: 380, Time: 00:01:19

Health: -1/19      AC:  4    Str: 14    XL:     1   Next: 50%
Magic:  1/1        EV: 12    Int: 10    God:
Gold:   0          SH:  0    Dex: 12    Spells: 0/0 levels left

rFire   . . .      SeeInvis .   a - +0 falchion
rCold   . . .      Faith    .   (no shield)
rNeg    . . .      Spirit   .   (body armour unavailable)
rPois   .          Reflect  .   (helmet restricted)
rElec   .          Harm     .   (no cloak)
rCorr   .          Rampage  .   (no gloves)
Will    .....                   (no boots)
Stlth   +++.......              (no amulet)
HPRegen 0.06/turn               (no ring)
MPRegen 0.07/turn               (no ring)

@: hasted, very quick
A: AC +4, unfitting armour, cold-blooded
a: no special abilities


You were in an ossuary.
You visited 1 branch of the dungeon, and saw 1 of its levels.
You also visited: Ossuary.

Inventory:

Hand Weapons
 a - a +0 falchion (weapon)
Wands
 f - a wand of digging (3)
Scrolls
 b - a scroll of fog
 c - a scroll of enchant weapon {unknown}
 d - a scroll of fear


   Skills:
 + Level 3.4 Fighting
 + Level 2.1 Long Blades
 + Level 1.9 Dodging
 - Level 4.5 Stealth


You couldn't memorise any spells.
You didn't know any spells.
Your spell library was empty.

Dungeon Overview and Level Annotations

Branches:
Dungeon (5/15)            Ossuary (1/1)
 Temple: D:4-7

Altars:


Innate Abilities, Weirdness & Mutations

Your plain brown scales are hard. (AC +4)
You cannot fit into any form of body armour.
You are cold-blooded and may be slowed by cold attacks.


Message History

You hit the centaur zombie. You punch the centaur zombie.
The centaur zombie is moderately damaged.
The centaur zombie barely misses you.
The centaur zombie kicks you but does no damage.
The centaur zombie barely misses you. The centaur zombie closely misses you.
You slash the centaur zombie!
The centaur zombie is heavily damaged.
The centaur zombie closely misses you.
The centaur zombie kicks you but does no damage.
You slash the centaur zombie!
The centaur zombie is severely damaged.
The centaur zombie hits you.
The centaur zombie kicks you but does no damage.
The centaur zombie hits you.
* * * LOW HITPOINT WARNING * * *
The centaur zombie closely misses you.
You barely miss the centaur zombie.
The centaur zombie is severely damaged.
The centaur zombie hits you.
* * * LOW HITPOINT WARNING * * *
The centaur zombie kicks you but does no damage.
The centaur zombie hits you.
* * * LOW HITPOINT WARNING * * *
The centaur zombie kicks you but does no damage.
You feel yourself speed up.
The centaur zombie hits you but does no damage.
The centaur zombie kicks you but does no damage.
You hit the centaur zombie. You tail-slap the centaur zombie.
The centaur zombie is almost destroyed.
The centaur zombie barely misses you.
The centaur zombie kicks you but does no damage.
You hit the centaur zombie.
The centaur zombie is almost destroyed.
The centaur zombie hits you but does no damage.
The centaur zombie kicks you.
* * * LOW HITPOINT WARNING * * *
You hit the centaur zombie.
The centaur zombie is almost destroyed.
The centaur zombie hits you.
You die...

.#.#.#Z #####
....... ##...##
.......
##.....###.......
#................
#..∩.∩...........
#................
##....Z###.......
##..@## .......
##### .......
M#.#.#. #### #


You could see a centaur zombie.

Vanquished Creatures
  A gnoll zombie (Ossuary)
  A goblin zombie (Ossuary)
  2 hobgoblin zombies (Ossuary)
  An orc zombie (Ossuary)
5 creatures vanquished.

Notes
Turn   | Place    | Note
-------+----------+-------------------------------------------
     0 | D:5      | Anandil the Draconian Delver began the quest for the Orb.
     0 | D:5      | Reached XP level 1. HP: 19/19 MP: 1/1
     7 | D:5      | Found a sand-covered staircase.
    17 | Ossuary  | Entered an ossuary
   380 | Ossuary  | Slain by a centaur zombie

Illustrated notes

Levels and vault maps discovered:
D:5:      layout_basic, mainiacjoe_overflow_catwalk,
          mainiacjoe_overflow_surrounded_room, mainiacjoe_overflow_tiny_flanked,
          chequers_ossuary_entry_cave
Ossuary:  minmay_ossuary_gauntlet

Action                   || total
-------------------------++-------
Melee: Falchion          ||    24
       Tailslap          ||     5
       Punch             ||     1
  Use: Scroll            ||     1
       Potion            ||     1
Armor: Skin              ||    13
Dodge: Dodged            ||    14
